 Dungeon Crawl Stone Soup version 0.21.1-1-g345015fe64 (webtiles) character file.

126 Lothor the Poker (level 5, 0/41 HPs)
             Began as a Formicid Fighter on Mar 21, 2018.
             Slain by an orc
             ... wielding a +0 trident
              (7 damage)
             ... on level 3 of the Dungeon.
             The game lasted 00:06:22 (1981 turns).

Lothor the Poker (Formicid Fighter)                 Turns: 1981, Time: 00:06:23

Health: 0/41       AC:  9    Str: 22    XL:     5   Next: 32%
Magic:  5/5        EV:  8    Int:  7    God:
Gold:   161        SH:  9    Dex: 10    Spells: 4/4 levels left

rFire    . . .     SeeInvis +   a - +0 trident
rCold    . . .     Gourm    .   c - +0 shield
rNeg     . . .     Faith    .   b - +0 scale mail
rPois    .         Spirit   .   (helmet unavailable)
rElec    .         Reflect  .   e - +0 cloak
rCorr    .         Harm     .   (no gloves)
MR       .....                  n - +0 pair of boots
Stlth    ..........             (no amulet)
HPRegen  0.13/turn              (no ring)
MPRegen  0.09/turn              (no ring)

@: no status effects
A: permanent stasis, dig shafts and tunnels, four strong arms, antennae 3
a: Dig, Shaft Self


You were on level 3 of the Dungeon.
You were not hungry.

You visited 1 branch of the dungeon, and saw 3 of its levels.

You collected 161 gold pieces.

Inventory:

Hand Weapons
 a - a +0 trident (weapon)
 d - a +0 halberd
Missiles
 i - 13 sling bullets
Armour
 b - a +0 scale mail (worn)
 c - a +0 shield (worn)
 e - a +0 cloak (worn)
 n - a +0 pair of boots (worn)
Jewellery
 g - a cursed ring of loudness {unknown}
 o - a +5 ring of strength {unknown}
 p - a cursed ring of loudness {unknown}
Scrolls
 h - a scroll of fear {unknown}
 k - 2 scrolls of remove curse {unknown}
 m - a scroll of blinking {unknown}
 r - a scroll of random uselessness {unknown}
 s - a scroll of teleportation {unknown}
Potions
 j - 3 potions of curing {unknown}
 l - a potion of brilliance {unknown}
Comestibles
 f - 2 rations
 q - 5 chunks of flesh


   Skills:
 - Level 3.2 Fighting
 + Level 5.1 Polearms
 - Level 3.2 Armour
 - Level 3.6 Shields


You had 4 spell levels left.
You didn't know any spells.

Dungeon Overview and Level Annotations

Branches:
Dungeon (3/15)

Altars:
Fedhas
Okawaru


Innate Abilities, Weirdness & Mutations

You cannot be hasted, slowed, berserked, paralysed or teleported.
You can dig through walls and to a lower floor.
Your four strong arms can wield two-handed weapons with a shield.
You have a pair of large antennae on your head. (SInv)


Message History

The orc priest is almost dead.
The orc hits you from afar with a trident.
* * * LOW HITPOINT WARNING * * *
The orc closely misses you. The orc priest barely misses you.
You hit the orc priest.
You kill the orc priest!
Your Polearms skill increases to level 5!
You have reached level 5!
You block the orc's attack.
You barely miss the orc. The orc hits you but does no damage.
You block the orc's attack. The orc hits you but does no damage.
You hit the orc but do no damage. The orc hits you but does no damage.
The orc closely misses you. The orc hits you but does no damage.
You puncture the orc!
You kill the orc!
You block the orc's attack. The orc hits you but does no damage.
The goblin hits you but does no damage. You block the orc's attack.
You closely miss the goblin.
The orc hits you from afar with a trident!
You die...

{ # .## .... #########
.....
##########......o#o....>
{
................@g.w....
#############.#####.#.!.
### #≈#'#≈# ... #_..._#
##. ####### .+ ##


You could see a dart slug, 2 orcs and a goblin.

Vanquished Creatures
  An orc priest (D:3)
  An adder (D:2)
  3 gnolls (D:2)
  An ooze (D:1)
  4 orcs (D:3)
  7 bats
  4 giant cockroaches
  4 goblins
  9 hobgoblins
  2 frilled lizards (D:2)
  9 kobolds
  10 rats
55 creatures vanquished.

Notes
Turn   | Place    | Note
-------+----------+-------------------------------------------
     0 | D:1      | Lothor the Formicid Fighter began the quest for the Orb.
     0 | D:1      | Reached XP level 1. HP: 18/18 MP: 1/1
   126 | D:1      | Reached XP level 2. HP: 22/24 MP: 2/2
   169 | D:1      | Reached skill level 3 in Polearms
   224 | D:1      | Reached XP level 3. HP: 29/29 MP: 3/3
  1045 | D:2      | Reached skill level 4 in Polearms
  1045 | D:2      | Reached XP level 4. HP: 26/35 MP: 4/4
  1960 | D:3      | Found a blossoming altar of Fedhas.
  1960 | D:3      | Found an iron altar of Okawaru.
  1977 | D:3      | Reached skill level 5 in Polearms
  1977 | D:3      | Reached XP level 5. HP: 6/41 MP: 5/5
  1981 | D:3      | Slain by an orc

Skill      XL: |  1  2  3  4 |
---------------+-------------+-----
Polearms       | 3 4 5 |  5.1
Fighting       | |  3.2
Armour         | |  3.2
Shields        | |  3.6

Action                   |  1- 3 |  4- 6 || total
-------------------------+-------+-------++-------
Melee: Trident           |   113 |    46 ||   159
       Halberd           |       |    38 ||    38
  Use: Potion            |       |     1 ||     1
  Eat: Chunk             |     1 |     3 ||     4
Armor: Scale mail        |    62 |    30 ||    92
Dodge: Dodged            |    53 |    32 ||    85
Block: Shield            |    71 |    38 ||   109
